 Dungeon Crawl Stone Soup version 0.29.0-4-gdea44cf6ec (webtiles) character file.

Game seed: 1029644931098730748

39 qw the Ruffian (level 3, -3/28 HPs)
             Began as a Ghoul Fire Elementalist on Aug 29, 2022.
             Slain by Terence
             ... wielding a +0 hand axe
              (6 damage)
             ... on level 2 of the Dungeon.
             The game lasted 00:01:26 (2143 turns).

qw the Ruffian (Ghoul Fire Elementalist)            Turns: 2143, Time: 00:01:27

Health: -3/28      AC:  6    Str: 13    XL:     3   Next: 47%
Magic:  4/4        EV: 10    Int: 10    God:
Gold:   61         SH:  0    Dex:  9    Spells: 4/5 levels left

rFire   . . .      SeeInvis .     - Unarmed
rCold   + . .      Faith    .   (no shield)
rNeg    + + +      Spirit   .   g - +0 ring mail
rPois   inf        Reflect  .   (no helmet)
rElec   .          Harm     .   (no cloak)
rCorr   .          Rampage  .   i - +0 pair of gloves
Will    .....                   (no boots)
Stlth   +.........              (no amulet)
HPRegen 0.00/turn               (no ring)
MPRegen 0.09/turn               (no ring)

@: inhibited regen
A: claws 1, cold resistance 1, negative energy resistance 3, inhibited
regeneration, torment resistance 2, devour on kill
a: no special abilities


You were on level 2 of the Dungeon.
You visited 1 branch of the dungeon, and saw 2 of its levels.

You collected 61 gold pieces.


Innate Abilities, Weirdness & Mutations

You are immune to poison.
You have sharp fingernails.
Your flesh is cold resistant. (rC+)
You are immune to negative energy. (rN+++)
You do not regenerate when monsters are visible.
You are immune to unholy pain and torment.
You thrive by killing the living.


   Skills:
 - Level 1.0 Fighting
 - Level 1.7 Dodging
 - Level 2.1 Stealth
 + Level 3.0 Unarmed Combat
 - Level 1.7 Spellcasting
 - Level 0.7 Conjurations
 - Level 2.4 Fire Magic


You had 4 spell levels left.
You knew the following spells:

 Your Spells              Type           Power      Damage    Failure   Level
a - Foxfire               Conj/Fire      16%        2x1d4     36%         1

Your spell library contained the following spells:

 Spells                   Type           Power      Damage    Failure   Level
 Scorch                   Fire           10%        2d6       36%         2
 Conjure Flame            Conj/Fire      4%         6-21      73%         3
 Inner Flame              Hex/Fire       3%         N/A       78%         3
 Flame Wave               Conj/Fire      4%         2d5       98%         4

Inventory:

Armour
 c - a +0 buckler
 g - a +0 ring mail (worn)
 i - a +0 pair of gloves (worn)
Scrolls
 a - a scroll of fear {unknown}
 b - a scroll of enchant weapon {unknown}
Potions
 f - a potion of brilliance {unknown}
 l - a potion of mutation {unknown}
 m - a potion of flight {unknown}

Dungeon Overview and Level Annotations

Branches:
Dungeon (2/15)

Altars:

Annotations:
D:2 Terence


Message History

Terence is lightly wounded.
You hit Terence but do no damage.
Terence is lightly wounded.
Terence hits you with a +0 hand axe. The grasping roots constrict you.
The grasping roots release their grip on you.
You closely miss Terence.
Terence is lightly wounded.
Terence hits you with a +0 hand axe.
You completely miss Terence.
Terence is lightly wounded.
Terence hits you but does no damage.
You hit Terence but do no damage.
Terence is lightly wounded.
Terence zaps a wand.
The roots erupt in riotous growth!
The grasping roots grab you!
Terence is unaffected.
The now-empty wand crumbles to dust.
The grasping roots constrict you.
2137 ||| DRINKING potion of heal wounds.
You feel much better. Terence hits you with a +0 hand axe.
The grasping roots constrict you.
You closely miss Terence.
Terence is lightly wounded.
Terence closely misses you. The grasping roots constrict you.
The grasping roots release their grip on you.
You hit Terence but do no damage.
Terence is lightly wounded.
Terence hits you with a +0 hand axe!
You hit Terence.
Terence is moderately wounded.
Terence hits you with a +0 hand axe.
You hit Terence but do no damage.
Terence is moderately wounded.
Terence hits you with a +0 hand axe!
You completely miss Terence.
Terence is moderately wounded.
Terence hits you with a +0 hand axe.
You punch Terence!
Terence is severely wounded.
Terence hits you with a +0 hand axe.
You die...

...#####.#....
###
...........~}~
..#
#######.#.....
##### #.#
#.#.##..
......#.#
#.#.##..
......#.##
######.#.##..
.........#
#...##:#.####
#@.# #...##.#.# .
#@.###...##.#.#
....#...........#
#....##...####
####.##...#
..##...#
##.##(..#
########


You could see Terence.

Vanquished Creatures
  2 dart slugs
  An endoplasm (D:2)
  3 giant cockroaches (D:1)
  3 goblins (D:1)
  3 hobgoblins (D:1)
  4 jackals (D:1)
  4 kobolds
  A quokka (D:1)
  5 ball pythons (D:1)
  3 bats
  A frilled lizard (D:2)
  A rat (D:1)
31 creatures vanquished.

Vanquished Creatures (others)
  A plant (D:2)
1 creature vanquished.

Grand Total: 32 creatures vanquished

Notes
Turn   | Place    | Note
-------+----------+-------------------------------------------
     0 | D:1      | qw the Ghoul Fire Elementalist began the quest for the Orb.
     0 | D:1      | Reached XP level 1. HP: 14/14 MP: 2/2
     0 | D:1      | 0 ||| qw: Version: 0.1-a-90-g952f4b7
     0 | D:1      | 0 ||| qw: Game counter: 3897
     0 | D:1      | 0 ||| qw: Always use a shield: true
     0 | D:1      | 0 ||| qw: God list: Okawaru
     0 | D:1      | 0 ||| qw: Allow faded altars: false
     0 | D:1      | 0 ||| qw: Do Orc after D:15 true
     0 | D:1      | 0 ||| qw: Do second Lair branch before Depths: true
     0 | D:1      | 0 ||| qw: Lair rune preference: random
     0 | D:1      | 0 ||| qw: Plans: Normal
     0 | D:1      | 0 ||| PLANNING D:1-11
    37 | D:1      | 37 ||| Stepping ~*~*~tactically~*~*~ (stealth).
    39 | D:1      | 39 ||| Stepping ~*~*~tactically~*~*~ (stealth).
    47 | D:1      | Reached skill level 1 in Unarmed Combat
    53 | D:1      | Reached XP level 2. HP: 21/22 MP: 3/3
   136 | D:1      | Reached skill level 1 in Fighting
   195 | D:1      | 195 ||| Stepping ~*~*~tactically~*~*~ (stealth).
   205 | D:1      | 205 ||| Stepping ~*~*~tactically~*~*~ (stealth).
   208 | D:1      | 208 ||| Stepping ~*~*~tactically~*~*~ (stealth).
   488 | D:1      | 488 ||| Stepping ~*~*~tactically~*~*~ (stealth).
   493 | D:1      | 493 ||| Stepping ~*~*~tactically~*~*~ (stealth).
   494 | D:1      | 494 ||| Stepping ~*~*~tactically~*~*~ (stealth).
   529 | D:1      | 529 ||| Stepping ~*~*~tactically~*~*~ (stealth).
   531 | D:1      | 531 ||| Stepping ~*~*~tactically~*~*~ (stealth).
   557 | D:1      | Reached skill level 2 in Unarmed Combat
   577 | D:1      | 577 ||| Stepping ~*~*~tactically~*~*~ (stealth).
   603 | D:1      | Reached XP level 3. HP: 17/28 MP: 4/4
   676 | D:1      | 676 ||| Stepping ~*~*~tactically~*~*~ (stealth).
   741 | D:1      | 741 ||| Stepping ~*~*~tactically~*~*~ (stealth).
  1021 | D:1      | 1021 ||| Stepping ~*~*~tactically~*~*~ (hiding).
  1123 | D:1      | 1123 ||| Stepping ~*~*~tactically~*~*~ (hiding).
  1225 | D:1      | 1225 ||| Stepping ~*~*~tactically~*~*~ (hiding).
  1327 | D:1      | 1327 ||| Stepping ~*~*~tactically~*~*~ (hiding).
  1429 | D:1      | 1429 ||| Stepping ~*~*~tactically~*~*~ (hiding).
  1729 | D:1      | 1729 ||| UPGRADING to +0 leather armour.
  1739 | D:1      | 1739 ||| DROPPING +0 robe.
  1740 | D:1      | 1740 ||| UPGRADING to +0 ring mail.
  1750 | D:1      | 1750 ||| DROPPING +0 leather armour.
  1751 | D:1      | 1751 ||| UPGRADING to +0 pair of gloves.
  1756 | D:1      | 1756 ||| READING scroll labelled BEITOCVITU.
  1757 | D:1      | 1757 ||| READING scroll labelled ZOS PIM ONETH.
  1758 | D:1      | 1758 ||| READING scroll labelled KOUNEDO VULIC.
  1759 | D:1      | 1759 ||| READING scroll labelled ERRUAQ PUEDOGET.
  1764 | D:1      | 1764 ||| DRINKING 2 fuming amethyst potions.
  1765 | D:1      | 1765 ||| DROPPING potion of magic.
  1785 | D:2      | 1785 ||| Stepping ~*~*~tactically~*~*~ (stealth).
  1786 | D:2      | 1786 ||| Stepping ~*~*~tactically~*~*~ (stealth).
  1789 | D:2      | 1789 ||| Stepping ~*~*~tactically~*~*~ (stealth).
  1790 | D:2      | 1790 ||| Stepping ~*~*~tactically~*~*~ (stealth).
  1900 | D:2      | Found a faded altar of an unknown god.
  1910 | D:2      | Reached skill level 3 in Unarmed Combat
  2122 | D:2      | Noticed Terence
  2123 | D:2      | 2123 ||| Stepping ~*~*~tactically~*~*~ (hiding).
  2124 | D:2      | 2124 ||| Stepping ~*~*~tactically~*~*~ (hiding).
  2136 | D:2      | HP: 6/28 [constriction (4)]
  2137 | D:2      | 2137 ||| DRINKING potion of heal wounds.
  2141 | D:2      | HP: 4/28 [Terence/+0 hand axe (7)]
  2143 | D:2      | Slain by Terence

Levels and vault maps discovered:
D:1:      scummos_arrival_star, layout_loops_ring
D:2:      layout_basic, shapermc_ecumenical_altar_acropolis, uniq_jessica,
          uniq_terence

Skill      XL: |  1  2  3 |
---------------+----------+-----
Unarmed Combat | 1 2 3 |  3.0
Fighting       | 1 |  1.0
Dodging        | |  1.7
Stealth        | |  2.1
Spellcasting   | |  1.7
Conjurations   | |  0.7
Fire Magic     | |  2.4

Action                   || total
-------------------------++-------
Melee: Unarmed           ||   143
  Use: Scroll            ||     4
       Potion            ||     2
Armor: Robe              ||    15
       Ring mail         ||    15
Dodge: Dodged            ||    77

Table legend:
 A = Non-vault XP
 B = Vault XP
 C = Vault XP percentage of total XP
 D = Non-vault monster count
 E = Vault monster count
 F = Vault count percentage of total count
                 A         B        C        D         E       F
            +---------+---------+-------+---------+---------+-------
      Total |      57 |       0 |   0.0 |      31 |       0 |   0.0
            +---------+---------+-------+---------+---------+-------
        D:1 |      45 |       0 |   0.0 |      25 |       0 |   0.0
        D:2 |      12 |       0 |   0.0 |       6 |       0 |   0.0
            +---------+---------+-------+---------+---------+-------
